AoeStats
← Kronosrex

Black Forest

507351417Analyzed
4v4 RM · 15d ago on Sep 17, 2026· 45m 5s· 8 players
Game mode
Random Map
Map size
Large (8 player)
Population
200
Speed
Normal
Resources
Standard
Victory
Conquest
Starting age
Dark Age
Ending age
Imperial Age
RankedLock teamsTeams togetherTeam positionsShared explorationLock speedFull tech treeHidden civsTurbo modeCheats
Victory
Defeat
🇬🇧 Koreans · United Kingdom
855
+15
🇩🇪 Celts · Germany
845
+16
🇬🇧 Huns · United Kingdom
820
+17
🇪🇸 Slavs · Spain
778
+18
🇧🇷 Hindustanis · Brazil
905
-19
🇨🇦 Maya · Canada
897
-19
🇺🇸 Teutons · United States
807
-15
🇲🇽 Goths · Mexico
752
-13
Chris
0:52 Loom
15:29 Feudal Age
15:55 Horse Collar
16:03 Double-Bit Axe
19:24 Wheelbarrow
22:34 Castle Age
22:01 Gold Mining
22:02 Stone Mining
23:44 Heavy Plow
23:58 Bow Saw
24:26 Gold Shaft Mining
31:31 Town Watch
32:07 Hand Cart
33:14 Caravan
33:42 Town Patrol
34:27 Ballistics
37:42 Imperial Age
35:54 Forging
35:50 Scale Barding Armor
37:44 Murder Holes
38:08 Marauders
38:50 Conscription
38:53 Atheism
38:54 Conscription
37:56 Elite Tarkan
39:20 Iron Casting
39:06 Chain Barding Armor
39:59 Two-Man Saw
40:36 Bloodlines
40:32 Husbandry
42:59 Blast Furnace
42:35 Plate Barding Armor
41:51 Fletching
CrashTango
0:34 Loom
16:28 Feudal Age
18:54 Wheelbarrow
18:09 Double-Bit Axe
18:05 Horse Collar
26:13 Castle Age
27:39 Heavy Plow
27:47 Caravan
27:47 Fletching
28:10 Bow Saw
28:55 Treadmill Crane
29:59 Fortified Wall
29:58 Gold Mining
32:57 Hand Cart
32:44 Town Watch
33:01 Stone Mining
33:48 Gold Shaft Mining
35:16 Stone Shaft Mining
36:13 Town Patrol
39:30 Imperial Age
38:59 Elite Skirmisher
38:59 Crossbowman
39:45 Thumb Ring
40:16 Ballistics
41:01 Conscription
40:11 Heavy Rocket Cart
42:23 Chemistry
41:56 Sanctity
42:48 Coinage
42:29 Guilds
42:22 Arbalester
44:00 Eupseong
45:13 Two-Man Saw
Kronosrex
0:52 Loom
6:17 Loom
11:48 Feudal Age
15:35 Castle Age
13:30 Horse Collar
13:58 Double-Bit Axe
16:32 Heavy Plow
22:00 Wheelbarrow
22:16 Town Watch
24:21 Forging
24:11 Scale Mail Armor
24:26 Bow Saw
26:04 Man-at-Arms
26:44 Squires
27:02 Hand Cart
26:59 Gold Mining
26:59 Stone Mining
32:13 Imperial Age
30:27 Iron Casting
30:51 Chain Mail Armor
30:27 Long Swordsman
31:45 Pikeman
32:38 Town Patrol
32:17 Two-Handed Swordsman
34:43 Blast Furnace
34:24 Plate Mail Armor
35:28 Druzhina
35:49 Conscription
34:52 Champion
42:21 Crop Rotation
42:45 Gold Shaft Mining
42:36 Halberdier
slayopatra
0:30 Loom
14:11 Feudal Age
14:56 Double-Bit Axe
18:24 Castle Age
19:23 Horse Collar
19:59 Bow Saw
21:31 Wheelbarrow
20:54 Gold Mining
26:18 Hand Cart
26:45 Stronghold
29:05 Heavy Plow
30:53 Caravan
34:51 Imperial Age
34:19 Ballistics
33:42 Treadmill Crane
34:33 Forging
34:24 Scale Mail Armor
35:15 Onager
36:57 Chemistry
37:06 Furor Celtica
37:17 Conscription
37:05 Siege Onager
37:58 Pikeman
39:14 Iron Casting
38:55 Chain Mail Armor
38:57 Halberdier
41:05 Elite Woad Raider
adrian
0:28 Loom
15:00 Feudal Age
16:23 Double-Bit Axe
17:34 Horse Collar
17:47 Gold Mining
17:53 Stone Mining
23:57 Fletching
24:08 Scale Mail Armor
24:24 Forging
29:04 Castle Age
33:39 Imperial Age
31:34 Bow Saw
31:25 Heavy Plow
32:07 Stone Shaft Mining
32:17 Bodkin Arrow
32:38 Chain Mail Armor
32:58 Iron Casting
33:23 Masonry
33:09 Murder Holes
33:29 Squires
32:50 Pikeman
34:46 Wheelbarrow
34:49 Conscription
33:58 Halberdier
34:53 Town Watch
36:36 Hand Cart
37:50 Perfusion
dokoenig3
2:18 Loom
18:09 Feudal Age
18:59 Double-Bit Axe
20:49 Horse Collar
23:38 Castle Age
24:57 Pikeman
25:23 Gambesons
25:39 Squires
25:25 Arson
26:10 Stone Mining
26:21 Town Watch
27:13 Wheelbarrow
27:43 Heavy Plow
29:48 Stone Shaft Mining
29:19 Gold Mining
30:36 Fortified Wall
32:34 Caravan
33:04 Coinage
35:14 Coinage
37:42 Imperial Age
36:18 Forging
36:08 Scale Mail Armor
37:04 Hand Cart
37:49 Halberdier
45:58 Chemistry
45:34 Iron Casting
45:14 Chain Mail Armor
John
0:36 Loom
12:18 Feudal Age
12:55 Horse Collar
13:02 Double-Bit Axe
18:12 Castle Age
20:15 Bow Saw
24:38 Gold Mining
28:47 Wheelbarrow
28:23 Fletching
28:33 Padded Archer Armor
28:00 Crossbowman
30:16 Thumb Ring
30:40 Heavy Plow
31:50 Hand Cart
33:32 Ballistics
33:03 Guard Tower
33:11 Bodkin Arrow
33:31 Leather Archer Armor
33:29 Caravan
35:10 Squires
35:31 Leather Archer Armor
38:30 Imperial Age
36:46 Murder Holes
37:53 Eagle Warrior
40:25 Chemistry
39:01 Arbalester
40:06 Conscription
42:27 Masonry
42:57 Holcans
43:18 Bracer
43:48 Ring Archer Armor
43:48 Elite Eagle Warrior
Pilgrim
1:03 Loom
16:16 Feudal Age
18:02 Wheelbarrow
18:54 Double-Bit Axe
19:59 Horse Collar
24:42 Castle Age
26:00 Coinage
26:08 Hand Cart
26:14 Caravan
28:58 Bow Saw
28:52 Heavy Plow
31:51 Fletching
32:06 Scale Mail Armor
34:40 Fortified Wall
34:42 Grand Trunk Road
37:34 Imperial Age
35:12 Gold Mining
35:13 Stone Mining
37:56 Ballistics
37:47 Masonry
40:32 Chemistry
40:35 Heavy Camel Rider
41:26 Bloodlines
41:31 Scale Barding Armor
41:36 Forging
41:32 Husbandry
44:00 Gold Shaft Mining
44:01 Stone Shaft Mining
44:03 Iron Casting
43:49 Chain Barding Armor
43:26 Bodkin Arrow
42:53 Heavy Camel Rider
Connection lost

Rejoining the realm…

Still unreachable

The connection could not be restored.

Session expired

The server has moved on; the page needs a fresh start.